 Dungeon Crawl Stone Soup version 0.30-a0-629-gd54f4be4f7 (webtiles) character file.

Game seed: 4223982184089870287

33 Mitcholas the Shooter (level 3, -4/21 HPs)
             Began as a Deep Elf Hunter on Jan 12, 2023.
             Slain by Sigmund
             ... wielding a +0 scythe
              (10 damage)
             ... on level 2 of the Dungeon.
             The game lasted 00:01:45 (950 turns).

Mitcholas the Shooter (Deep Elf Hunter)              Turns: 950, Time: 00:01:46

Health: -4/21      AC:  4    Str:  8    XL:     3   Next: 12%
Magic:  5/5        EV: 12    Int: 13    God:
Gold:   62         SH:  0    Dex: 20    Spells: 2/2 levels left

rFire   . . .      SeeInvis .    a - +0 shortbow
rCold   . . .      Faith    .    (shield currently unavailable)
rNeg    . . .      Spirit   .    c - +0 leather armour
rPois   .          Reflect  .    (no helmet)
rElec   .          Harm     .    (no cloak)
rCorr   .          Rampage  .    (no gloves)
Will    .....                    d - +0 pair of boots
Stlth   ++                       (no amulet)
HPRegen 0.23/turn                (no ring)
MPRegen 0.09/turn                (no ring)

@: no status effects
A: no striking features
a: no special abilities


You were on level 2 of the Dungeon.
You visited 1 branch of the dungeon, and saw 2 of its levels.

You collected 62 gold pieces.

Inventory:

Hand Weapons
 a - a +0 shortbow (weapon)
Armour
 c - a +0 leather armour (worn)
 d - a +0 pair of boots (worn)
Scrolls
 b - 2 scrolls of immolation
 f - a scroll of identify {unknown}
 g - a scroll of teleportation {unknown}
Potions
 e - 2 potions of haste {unknown}
 h - a potion of brilliance {unknown}
 i - a potion of curing {unknown}


   Skills:
 + Level 1.9 Fighting
 * Level 5.9 Ranged Weapons
 + Level 0.5 Armour
 + Level 2.8 Dodging
 + Level 2.0 Stealth


You had 2 spell levels left.
You didn't know any spells.
Your spell library contained the following spells:

 Spells                   Type           Power      Damage    Failure   Level
 Blink                    Tloc           0%         N/A       54%         2
 Momentum Strike          Conj/Tloc      0%         3d8       54%         2
 Lesser Beckoning         Tloc           0%         N/A       78%         3


Dungeon Overview and Level Annotations

Branches:
Dungeon (2/15)

Altars:

Annotations:
D:2 Sigmund


Message History

You shoot an arrow. The arrow hits the bat!
You kill the bat!
You hear a shout!
You hear an angry hiss.
Sigmund the Dreaded comes into view.
He is wielding a +0 scythe.
Your Stealth skill increases to level 2!
You shoot an arrow. The arrow closely misses Sigmund.
Sigmund closely misses you.
You shoot an arrow. The arrow hits Sigmund.
Sigmund is lightly wounded.
A bat comes into view.
Sigmund smiles chillingly.
Sigmund misses you.
A frilled lizard comes into view.
You shoot an arrow. The arrow closely misses Sigmund.
The arrow closely misses the bat.
Sigmund hits you from afar with a +0 scythe.
You shoot an arrow. The arrow hits Sigmund!
Sigmund is heavily wounded.
The bat hits you. Sigmund closely misses you.
You shoot an arrow.
The arrow hits Sigmund but does no damage.
Sigmund is heavily wounded.
The bat hits you but does no damage. Sigmund casts a spell at you.
You are confused.
The bat barely misses you.
You're too confused to move!
Sigmund hits you from afar with a +0 scythe!
You bump into the rock wall.
You're too confused to move!
Sigmund hits you but does no damage.
You bump into the rock wall.
You feel less confused. Sigmund closely misses you.
You shoot an arrow. The arrow barely misses Sigmund.
The arrow closely misses the bat.
Sigmund hits you with a +0 scythe.
* * * LOW HITPOINT WARNING * * *
You shoot an arrow. The arrow barely misses Sigmund.
The arrow hits the bat!
You kill the bat!
Sigmund hits you with a +0 scythe!
You die...

#.. .^. #.# #.# .#[...
#.# #.# .#... # #.# #.#
.... .. # #.# #.# ...
... #.###.###.# .. ....
#..<......# .#...##
#####.....#######.......
#####......@@l#
###########


You could see Sigmund and a frilled lizard.

Vanquished Creatures
  A worm (D:2)
  A dart slug (D:1)
  An endoplasm (D:1)
  2 giant cockroaches
  3 goblins (D:1)
  7 hobgoblins
  A kobold (D:1)
  A quokka (D:1)
  2 ball pythons (D:1)
  3 bats
  4 frilled lizards (D:1)
26 creatures vanquished.

Notes
Turn   | Place    | Note
-------+----------+-------------------------------------------
     0 | D:1      | Mitcholas the Deep Elf Hunter began the quest for the Orb.
     0 | D:1      | Reached XP level 1. HP: 12/12 MP: 3/3
   177 | D:1      | Reached XP level 2. HP: 17/17 MP: 4/4
   415 | D:1      | You fall into a shaft and drop 1 floor!
   823 | D:1      | Reached XP level 3. HP: 21/21 MP: 5/5
   936 | D:2      | Noticed Sigmund
   950 | D:2      | Slain by Sigmund

Illustrated notes

Levels and vault maps discovered:
D:1:      noname_arrival_rooms_in_the_neighbourhood, layout_basic
D:2:      layout_loops_ring, uniq_terence, uniq_sigmund, uniq_natasha

Skill      XL: |  1  2  3 |
---------------+----------+-----
Stealth        | 2 |  2.0
Fighting       | |  1.9
Ranged Weapons | |  5.9
Armour         | |  0.5
Dodging        | |  2.8

Action                   || total
-------------------------++-------
 Fire: Shortbow          ||    75
Armor: Leather armour    ||     6
Dodge: Dodged            ||    17

Table legend: (Time is in decaauts)
 A = Elapsed time spent in this place.
 B = Non-inter-level travel time spent in this place.
 C = Inter-level travel time spent in this place.
 D = Time resting spent in this place.
 E = Time spent auto-exploring this place.
 F = Levels seen in this place.
 G = Mean time per level.
                   A        B        C        D        E       F      G
               +--------+--------+--------+--------+--------+-----+--------+
         Total |    969 |    958 |     11 |      0 |    800 |   2 |  484.5 |
       Dungeon |    969 |    958 |     11 |      0 |    800 |   2 |  484.5 |
               +--------+--------+--------+--------+--------+-----+--------+

Top non-repeatable levels by time:
     D:1: 905 daAuts
     D:2: 64 daAuts
